 Dungeon Crawl Stone Soup version 0.19.0-19-g8c6edcc (webtiles) character file.

200 Karnivor the Digger (level 5, 0/28 HPs)
             Began as a Gargoyle Earth Elementalist on Nov 15, 2016.
             Slain by an ogre
             ... wielding a +0 giant club
              (18 damage)
             ... on level 4 of the Dungeon.
             The game lasted 00:17:52 (4703 turns).

Karnivor the Digger (Gargoyle Earth Elementalist)   Turns: 4703, Time: 00:17:53

Health: 0/28       AC: 12    Str: 12    XL:     5   Next: 79%
Magic:  4/10       EV: 13    Int: 16    God:
Gold:   79         SH:  0    Dex: 10    Spells: 3 memorised, 2 levels left

rFire  . . .     SeeInvis .     b - 187 stones
rCold  . . .     Gourm    .     c - +0 robe
rNeg   + . .     Faith    .     (no shield)
rPois  ∞         Spirit   .     o - +1 helmet
rElec  +         Reflect  .     (no cloak)
rCorr  .         Harm     .     (no gloves)
MR     .....                    (no boots)
Stlth  ++........               (no amulet)
                                k - +4 ring of protection
                                i - +1 ring of evasion

@: very slightly contaminated
A: negative energy resistance 1, electricity resistance, unbreathing,
petrification resistance, rot immunity, AC +4
a: no special abilities


You were on level 4 of the Dungeon.
You were not hungry.

You visited 1 branch of the dungeon, and saw 4 of its levels.

You collected 79 gold pieces.

Inventory:

Hand Weapons
 j - a +2 war axe of chopping
 q - a +0 mace
Missiles
 b - 187 stones (in hand)
Armour
 c - a +0 robe (worn)
 o - a +1 helmet (worn)
Jewellery
 i - a +1 ring of evasion (left hand)
 k - a +4 ring of protection (right hand)
Wands
 a - a wand of digging (10/24)
Scrolls
 l - a scroll of teleportation
 t - a scroll of immolation
Potions
 h - a potion of mutation
 m - a potion of lignification
 p - a potion of curing {unknown}
 s - a potion of magic {unknown}
Books
 e - a book of Geomancy

   Spells                             Type                      Level
   a - Sandblast                      Earth                        1
   b - Passwall                       Transmutation/Earth          2
   c - Stone Arrow                    Conjuration/Earth            3
   d - Petrify                        Transmutation/Earth          4
   e - Lee's Rapid Deconstruction     Earth                        5
Comestibles
 d - 4 bread rations
 f - a meat ration
 g - a chunk of flesh
 n - 2 fruits
 r - a slice of pizza


   Skills:
 - Level 1.5 Dodging
 - Level 2.1 Stealth
 + Level 3.6 Spellcasting
 + Level 2.5 Conjurations
   Level 0.7 Transmutations
 + Level 5.4 Earth Magic


You had 2 spell levels left.
You knew the following spells:

 Your Spells              Type           Power        Failure   Level  Hunger
a - Sandblast             Erth           ###...       1%          1    None
b - Stone Arrow           Conj/Erth      ###...       12%         3    ###....
c - Lee's Rapid Deconstr  Erth           ###.......   63%         5    ######.


Dungeon Overview and Level Annotations

Branches:
Dungeon (4/15)
 Temple: D:4-7

Altars:


Innate Abilities, Weirdness & Mutations

You are resistant to torment.
Your stone body is resilient. (AC +4)
You are immune to poison.
You resist negative energy. (rN+)
You are resistant to electric shocks. (rElec)
You can survive without breathing.
You are immune to petrification.
You are immune to rotting.


Message History

Press: ? - help, Shift-Dir - straight line, f - ogre
Aim: an ogre, wielding a giant club
Okay, then.
Casting: Sandblast
Confirm with . or Enter, or press ? or * to list all spells.
Aiming: Stone Arrow
Press: ? - help, Shift-Dir - straight line, f - ogre
Aim: an ogre, wielding a giant club The stone arrow hits the ogre.
The ogre is heavily wounded.
Casting: Stone Arrow
Confirm with . or Enter, or press ? or * to list all spells.
Aiming: Stone Arrow
Press: ? - help, Shift-Dir - straight line, f/p - ogre
Aim: an ogre, wielding a giant club (heavily wounded)
You miscast Stone Arrow.
You are very lightly contaminated with residual magic.
You feel gritty. The ogre hits you with a giant club!!
Ouch! That really hurt!
You die...

### ..#.# #
#.#.# ≈o #.#.#
.≈^ #.#.# #[.
#...# . ^.
#..###.?#
#.#####[..($.#
#..@O....##..#
##.####### #.
#. #. #.
#####.###
#.<.....#
#.###.#.#


You could see an ogre and an orc.

Vanquished Creatures
  Robin (D:2)
  8 adders
  An ooze (D:2)
  3 dart slugs
  A worm (D:2)
  8 leopard geckos
  8 giant cockroaches
  17 goblins
  15 hobgoblins
  10 jackals
  4 kobolds
  A quokka (D:3)
  2 ball pythons
  3 bats (D:1)
  6 frilled lizards
  4 rats
92 creatures vanquished.

Notes
Turn   | Place    | Note
-------+----------+-------------------------------------------
     0 | D:1      | Karnivor the Gargoyle Earth Elementalist began the quest for the Orb.
     0 | D:1      | Reached XP level 1. HP: 10/10 MP: 3/3
   476 | D:1      | Reached XP level 2. HP: 3/15 MP: 3/5
   825 | D:1      | Reached skill level 4 in Earth Magic
  1370 | D:1      | Reached XP level 3. HP: 15/19 MP: 0/7
  1466 | D:1      | Learned a level 3 spell: Stone Arrow
  2194 | D:2      | Noticed Robin
  2202 | D:2      | Killed Robin
  2202 | D:2      | Reached skill level 1 in Conjurations
  2202 | D:2      | Reached XP level 4. HP: 12/24 MP: 2/8
  2585 | D:2      | Reached skill level 5 in Earth Magic
  2905 | D:2      | Reached XP level 5. HP: 20/28 MP: 9/9
  2912 | D:2      | Learned a level 5 spell: Lee's Rapid Deconstruction
  3954 | D:3      | Found a glowing drain.
  4694 | D:4      | Noticed an ogre
  4703 | D:4      | Slain by an ogre

Skill      XL: |  1  2  3  4  5 |
---------------+----------------+-----
Earth Magic    | 4 5 |  5.4
Conjurations   | 1 2 |  2.5
Spellcasting   | 3 |  3.6
Dodging        | |  1.5
Stealth        | |  2.1
Transmutations | |  0.7

Action                   |  1- 3 |  4- 6 || total
-------------------------+-------+-------++-------
Melee: Unarmed           |    39 |       ||    39
       Whip              |    94 |    19 ||   113
       Mace              |       |    98 ||    98
       War axe           |       |    32 ||    32
 Cast: Sandblast         |    33 |    57 ||    90
       Stone Arrow       |       |     1 ||     1
  Use: Scroll            |       |     8 ||     8
 Stab: Sleeping          |     2 |     2 ||     4
  Eat: Chunk             |     4 |     9 ||    13
Armor: Robe              |    49 |    82 ||   131
Dodge: Dodged            |   126 |   187 ||   313
